 Dungeon Crawl Stone Soup version 0.31-a0-182-gc5ef74bbde (webtiles) character file.

Game seed: 8854506850113936606

190 qw the Chopper (level 5, 0/32 HPs)
             Began as a Gargoyle Fighter on June 20, 2023.
             Slain by a gnoll
             ... wielding a +0 spear
             ... led by a gnoll bouda
              (5 damage)
             ... on level 4 of the Dungeon.
             The game lasted 00:01:17 (3218 turns).

qw the Chopper (Gargoyle Fighter)                   Turns: 3218, Time: 00:01:18

Health: 0/32       AC: 10    Str: 27    XL:     5   Next: 69%
Magic:  5/5        EV:  9    Int:  9    God:
Gold:   235        SH:  4    Dex:  9    Spells: 4/4 levels left

rFire   . . .        Y - +1 war axe
rCold   . . .        c - +0 buckler
rNeg    + . .        b - +0 scale mail
rPois   inf          (helmet restricted)
rElec   +            (no cloak)
rCorr   .            (no gloves)
SInv    .            (no boots)
Will    .....        (no amulet) Stlth
                     f - +6 ring of strength
HPRegen 0.25/turn    (no ring)
MPRegen 0.09/turn

%: clarity
@: about to teleport
A: sickness immunity, AC +4, negative energy resistance 1, electricity
resistance, torment resistance 1, petrification resistance, antennae 1, clarity
a: no special abilities


You were on level 4 of the Dungeon.
You visited 1 branch of the dungeon, and saw 4 of its levels.

You collected 235 gold pieces.


Innate Abilities, Weirdness & Mutations

You are immune to sickness and miasma.
Your stone body is resilient. (AC +4)
You are immune to poison.
You resist negative energy. (rN+)
You are resistant to electric shocks. (rElec)
You are resistant to unholy torment.
You are immune to petrification.
You have a pair of small antennae on your head.
You possess an exceptional clarity of mind.


   Skills:
 - Level 3.2 Fighting
 - Level 5.0 Axes
 - Level 1.0 Throwing
 - Level 3.2 Armour
 + Level 0.4 Dodging
 - Level 3.2 Shields


You had 4 spell levels left.
You didn't know any spells.
Your spell library was empty.

Inventory:

Hand Weapons
 n - a +0 whip
 Y - a +1 war axe (weapon)
Armour
 b - a +0 scale mail (worn)
 c - a +0 buckler (worn)
Jewellery
 f - a +6 ring of strength (left hand)
Scrolls
 h - a scroll of acquirement {unknown}
 j - 3 scrolls of revelation {unknown}
 k - 2 scrolls of identify
Potions
 d - 2 potions of might
 e - a potion of mutation
 g - a potion of attraction
 i - a potion of berserk rage {unknown}
 l - a potion of resistance {unknown}
 m - a potion of curing {unknown}
 o - a potion of heal wounds {unknown}
 q - a potion of degeneration {unknown}

Dungeon Overview and Level Annotations

Branches:
Dungeon (4/15)
 Temple: D:4-7

Altars:
Wu Jian

Annotations:
D:4 2 transporters, qw's ghost, amateur NaHu


Message History

Enter note: A gnoll comes into view. It is wielding a +0 flail.
The gnoll shouts!
You hear a shout!
A gnoll comes into view. It is wielding a +0 spear.
The gnoll hits you with a +0 whip.
You closely miss the gnoll.
The gnoll hits you but does no damage. x2
You closely miss the gnoll. The gnoll hits you with a +0 whip.
The gnoll hits you but does no damage.
You slash the gnoll!
You kill the gnoll!
A gnoll comes into view. It is wielding a +0 spear.
You block the gnoll's attack.
You hit the gnoll but do no damage. The gnoll closely misses you.
The gnoll completely misses you.
You slash the gnoll!
The gnoll is severely wounded.
The gnoll hits you from afar with a +0 heavy spear!
The gnoll hits you but does no damage. x2
You closely miss the gnoll.
The gnoll is severely wounded.
You hit the gnoll bouda. You block the gnoll's attack.
The gnoll hits you with a +0 flail! The gnoll bouda barely misses you.
The gnoll hits you from afar with a +0 heavy spear.
The gnoll barely misses you.
3217 ||| READING scroll of teleportation.
As you read the scroll of teleportation, it crumbles to dust.
You feel strangely unstable. The gnoll closely misses you.
The gnoll barely misses you.
The gnoll bouda calls upon its god to heal the gnoll.
The gnoll is healed somewhat.
The gnoll hits you from afar with a +0 spear.
The gnoll hits you but does no damage.
You hit the gnoll bouda but do no damage.
The gnoll bouda is moderately wounded.
You closely miss the gnoll.
The gnoll is no longer moving quickly. x2; The gnoll barely misses you.
The gnoll hits you from afar with a +0 spear.
You die...

####.##........
#....##########
#%#### #....... #.#
#....... #.#
#....... ####.####
#...<... #.......#
#....... #.......#
#.......
#@g.....###...%...
#g......##.....###
#ggg....##........
#.......##.####..#
........##.......#
..(###.........#..#
...# ######..#.#..#
.... #.......#
##.#.....


You could see a gnoll bouda and 4 gnolls.

Vanquished Creatures
  A hound (D:4)
  A jelly (D:4)
  An orc wizard (D:3)
  A gnoll (D:4)
  An ufetubus (D:2)
  2 worms
  A dart slug (D:1)
  5 orcs (D:3)
  6 ball pythons
  5 bats
  8 endoplasms
  5 giant cockroaches
  6 hobgoblins
  3 jackals (D:3)
  4 quokkas
  2 frilled lizards (D:2)
  9 goblins
  6 kobolds
  7 rats
74 creatures vanquished.

Notes
Turn   | Place    | Note
-------+----------+-------------------------------------------
     0 | D:1      | qw the Gargoyle Fighter began the quest for the Orb.
     0 | D:1      | Reached XP level 1. HP: 14/14 MP: 1/1
     0 | D:1      | 0 ||| qw: Version: 0.3-a-9-g12657ce
     0 | D:1      | 0 ||| qw: Game counter: 1333
     0 | D:1      | 0 ||| qw: Always use a shield: true
     0 | D:1      | 0 ||| qw: God list: Okawaru
     0 | D:1      | 0 ||| qw: Allow faded altars: false
     0 | D:1      | 0 ||| qw: Do Orc after D:15 true
     0 | D:1      | 0 ||| qw: Do second Lair branch before Depths: true
     0 | D:1      | 0 ||| qw: Lair rune preference: random
     0 | D:1      | 0 ||| qw: Plans: Normal, Zot:1-4, Slime:5, God:TSO, Crypt,
                  | Tomb, Abyss, Pan, Hells, Win
     0 | D:1      | 0 ||| PLANNING D:1-11
    67 | D:1      | Reached skill level 2 in Axes
   135 | D:1      | Reached XP level 2. HP: 19/19 MP: 2/2
   205 | D:1      | HP: 4/19 [goblin/+2 dagger of freezing (2)]
   674 | D:1      | 674 ||| DROPPING +0 club.
   829 | D:1      | Reached skill level 3 in Axes
   939 | D:1      | 939 ||| UPGRADING to +6 ring of strength.
   940 | D:1      | 940 ||| READING scroll labelled KEWNOCUASI.
   943 | D:1      | 943 ||| READING scroll labelled ZOHOKY IBLAO.
   944 | D:1      | 944 ||| READING scroll labelled DES ASTRIECH.
   945 | D:1      | 945 ||| DRINKING 2 viscous dark potions.
   993 | D:2      | 993 ||| Stepping ~*~*~tactically~*~*~ (stealth).
   998 | D:2      | Reached XP level 3. HP: 23/23 MP: 3/3
  1145 | D:2      | Found a faded altar of an unknown god.
  1516 | D:2      | Reached skill level 1 in Throwing
  1593 | D:2      | 1593 ||| Stepping ~*~*~tactically~*~*~ (stealth).
  1708 | D:2      | 1708 ||| Stepping ~*~*~tactically~*~*~ (stealth).
  1899 | D:2      | 1899 ||| READING scroll labelled VUSISIAMUMP.
  1915 | D:2      | 1915 ||| READING scroll labelled YNNAKL CASCHEA.
  1916 | D:2      | 1916 ||| READING scroll labelled NONTEO XIJI.
  1978 | D:3      | 1978 ||| STAIRDANCE
  2032 | D:3      | 2032 ||| Stepping ~*~*~tactically~*~*~ (stealth).
  2033 | D:3      | 2033 ||| Stepping ~*~*~tactically~*~*~ (stealth).
  2035 | D:3      | 2035 ||| Stepping ~*~*~tactically~*~*~ (hiding).
  2037 | D:3      | 2037 ||| Stepping ~*~*~tactically~*~*~ (hiding).
  2041 | D:3      | Reached XP level 4. HP: 28/28 MP: 4/4
  2072 | D:3      | 2072 ||| Stepping ~*~*~tactically~*~*~ (stealth).
  2106 | D:3      | 2106 ||| Stepping ~*~*~tactically~*~*~ (stealth).
  2108 | D:3      | 2108 ||| Stepping ~*~*~tactically~*~*~ (hiding).
  2124 | D:3      | Reached skill level 4 in Axes
  2294 | D:3      | 2294 ||| Stepping ~*~*~tactically~*~*~ (stealth).
  2588 | D:3      | 2588 ||| Stepping ~*~*~tactically~*~*~ (hiding).
  2591 | D:3      | 2591 ||| Stepping ~*~*~tactically~*~*~ (hiding).
  2592 | D:3      | 2592 ||| Stepping ~*~*~tactically~*~*~ (hiding).
  2775 | D:3      | 2775 ||| READING scroll labelled TELOEKHYTOO.
  2776 | D:3      | 2776 ||| DRINKING 2 green potions.
  2776 | D:3      | Gained mutation: You have a pair of small antennae on your
                  | head. [potion of mutation]
  2776 | D:3      | Gained mutation: You possess an exceptional clarity of
                  | mind. [potion of mutation]
  2835 | D:4      | Reached XP level 5. HP: 31/32 MP: 5/5
  2884 | D:4      | Found an ornate altar of the Wu Jian Council.
  2958 | D:4      | Found a transporter.
  3118 | D:4      | Found a transporter.
  3118 | D:4      | Noticed qw's ghost (amateur NaHu)
  3200 | D:4      | Reached skill level 5 in Axes
  3207 | D:4      | 3207 ||| Stepping ~*~*~tactically~*~*~ (stealth).
  3216 | D:4      | HP: 8/32 [gnoll/+0 heavy spear[a gnoll bouda] (5)]
  3217 | D:4      | 3217 ||| READING scroll of teleportation.
  3218 | D:4      | Slain by a gnoll

Levels and vault maps discovered:
D:1:      amcnicky_arrival_double_pillar, layout_loops_corners
D:2:      kb_forest_paths, layout_basic, ebering_ecumenical_altar_hall,
          small_statue_intersection
D:3:      layout_basic
D:4:      layout_loops_cross, mainiacjoe_overflow_boulevard,
          gammafunk_ghost_stat_death, minmay_cut_off

Skill      XL: |  1  2  3  4  5 |
---------------+----------------+-----
Axes           | 2 3 4 5 |  5.0
Throwing       | 1 |  1.0
Fighting       | |  3.2
Armour         | |  3.2
Dodging        | |  0.4
Shields        | |  3.2

Action                     |  1- 3 |  4- 6 || total
---------------------------+-------+-------++-------
  Melee: War axe           |   109 |    77 ||   186
  Throw: Javelin           |    25 |    15 ||    40
    Use: Scroll            |     6 |     2 ||     8
         Potion            |     1 |     1 ||     2
 Armour: Scale mail        |    72 |    50 ||   122
  Dodge: Dodged            |    54 |    27 ||    81
  Block: Buckler           |    26 |    11 ||    37

Table legend:
 A = Non-vault XP
 B = Vault XP
 C = Vault XP percentage of total XP
 D = Non-vault monster count
 E = Vault monster count
 F = Vault count percentage of total count
                 A         B        C        D         E       F
            +---------+---------+-------+---------+---------+-------
      Total |     264 |       8 |   2.9 |      68 |       6 |   8.1
            +---------+---------+-------+---------+---------+-------
        D:1 |      33 |       0 |   0.0 |      17 |       0 |   0.0
        D:2 |      37 |       8 |  17.8 |      19 |       6 |  24.0
        D:3 |      80 |       0 |   0.0 |      21 |       0 |   0.0
        D:4 |     114 |       0 |   0.0 |      11 |       0 |   0.0
            +---------+---------+-------+---------+---------+-------
